London Knights vs Sarnia Sailors
Created - Monday, April 3, 2023 at 07:30
Goals
|
| London Knights |
1 |
0 |
1 |
2 |
| Sarnia Sailors |
1 |
2 |
1 |
4 |
|
Shots
|
| London Knights |
14 |
13 |
6 |
33 |
| Sarnia Sailors |
10 |
5 |
7 |
22 |
|
1st period
1. Sarnia Sailors , Vasily Podkolzin 8 (Keegan Kolesar 25, Jack Rathbone 5) at 0:12
2. London Knights , Nick Swaney 1 (Cameron Hughes 1, Sami Niku 2) at 9:04
Penalties :
Aleksi Heponiemi (SAR) for Hooking (Minor) at 2:18, Dominik Bokk (LKN) for Holding (Minor) at 17:02
2nd period
3. Sarnia Sailors , Dominic Toninato 12 (Vasily Podkolzin 20) at 11:45
4. Sarnia Sailors , Alex Vlasic 5 (Aleksi Heponiemi 6, Nick Ritchie 18) at 12:34
Penalties :
Keegan Kolesar (SAR) for Tripping (Minor) at 1:40, Cole Koepke (LKN) for Hooking (Minor) at 4:23, David Warsofsky (SAR) for Roughing (Minor) at 19:52
3rd period
5. London Knights , Nick Swaney 2 (Simon Ryfors 4, Ethan Bear 12) at 0:55 (PP)
6. Sarnia Sailors , Keegan Kolesar 15 (Vasily Podkolzin 21) at 1:12
Penalties :
Nolan Patrick (LKN) for High sticking (Minor) at 2:34, Ethan Bear (LKN) for Holding (Minor) at 8:16, Vasily Podkolzin (SAR) for Roughing (Minor) at 14:47, Dominik Bokk (LKN) for Roughing (Double Minor) at 19:51
Goalie Stats
Evan Cormier (LKN), 18 saves from 22 shots - (0.818), L, 1-2-1, 60:00 minutes
Matt Tomkins (SAR), 31 saves from 33 shots - (0.939), W, 3-2-0, 60:00 minutes
Players Stats for London Knights
Player Name G A P +/- PIM S H SB GA TA FO MP PP MP PK MP
------------------------------------------------------------------------------------
Cameron Hughes 0 1 1 0 0 4 1 0 1 1 3/5 11:10 0:00 0:00
Christian Wolanin 0 0 0 -2 0 0 1 0 1 1 0/0 19:49 2:25 4:06
Cole Koepke 0 0 0 -2 2 0 1 0 0 0 0/0 11:05 0:00 0:40
Connor Bunnaman 0 0 0 0 0 1 2 0 0 0 2/2 14:08 0:00 1:31
Curtis Douglas 0 0 0 -2 0 0 3 0 1 1 4/9 17:16 2:54 4:02
Dominik Bokk 0 0 0 0 6 2 5 0 0 0 0/4 13:42 0:10 0:47
Ethan Bear 0 1 1 -2 2 2 0 1 0 0 0/0 25:39 4:35 2:48
Jan Jenik 0 0 0 -1 0 1 2 0 0 0 7/15 19:07 3:59 4:10
Jonathan Dahlen 0 0 0 -1 0 4 0 0 2 0 1/1 14:32 4:03 0:00
Jordan Oesterle 0 0 0 -2 0 1 0 0 0 0 0/0 20:16 2:25 4:06
Nick Swaney 2 0 2 0 0 7 3 0 0 0 1/1 16:01 2:54 2:12
Nolan Patrick 0 0 0 0 2 4 2 0 1 0 5/7 13:11 0:07 0:28
Rasmus Kupari 0 0 0 -2 0 2 0 0 1 1 1/1 10:28 0:00 0:06
Sami Niku 0 1 1 1 0 1 0 1 0 0 0/0 15:13 0:00 1:10
Simon Lundmark 0 0 0 1 0 0 1 1 0 0 0/0 14:03 0:00 0:00
Simon Ryfors 0 1 1 0 0 2 1 0 1 0 1/1 13:49 2:54 0:00
Troy Stecher 0 0 0 -2 0 1 1 0 1 1 0/0 25:41 4:35 3:58
Tyce Thompson 0 0 0 -1 0 1 1 0 2 0 0/0 16:41 3:59 2:12
Players Stats for Sarnia Sailors
Player Name G A P +/- PIM S H SB GA TA FO MP PP MP PK MP
------------------------------------------------------------------------------------
Aleksi Heponiemi 0 1 1 0 2 1 1 0 2 0 0/1 12:06 1:09 0:15
Alex Vlasic 1 0 1 3 0 3 3 2 0 3 0/0 26:03 4:06 4:22
Chris Wideman 0 0 0 0 0 0 0 1 1 1 0/0 12:24 3:16 0:00
Connor Carrick 0 0 0 0 0 1 2 2 0 0 0/0 17:25 0:00 4:25
David Warsofsky 0 0 0 -1 2 0 0 2 0 0 0/0 11:32 0:42 0:00
Dominic Toninato 1 0 1 3 0 2 1 0 0 1 5/12 20:52 2:36 4:11
Dominic Turgeon 0 0 0 0 0 1 0 0 0 1 1/5 12:18 0:58 0:43
Dylan McLaughlin 0 0 0 0 0 2 1 0 0 0 1/4 16:53 3:28 1:38
Jack Rathbone 0 1 1 3 0 0 2 2 0 2 0/0 22:48 3:16 2:35
Josh Dickinson 0 0 0 0 0 0 0 1 1 0 0/0 14:13 3:28 1:18
Keegan Kolesar 1 1 2 3 2 3 1 1 0 0 12/20 20:57 3:47 3:12
Michael Dal Colle 0 0 0 0 0 1 0 0 0 1 0/0 13:51 0:21 1:24
Mitchell Vande Sompel 0 0 0 -1 0 0 0 1 0 1 0/0 11:21 0:21 0:00
Nick Ritchie 0 1 1 0 0 2 2 1 1 1 1/2 17:31 4:17 1:19
Rob Hamilton 0 0 0 1 0 0 0 0 0 0 0/0 16:58 0:00 2:35
Seth Barton 0 0 0 1 0 0 1 1 0 0 0/0 14:50 0:00 0:03
Vasily Podkolzin 1 2 3 3 2 5 2 1 0 0 1/2 18:03 3:47 0:00
Yannick Weber 0 0 0 0 0 1 2 0 0 0 0/0 12:51 4:48 0:00
3 Stars
1 - Vasily Podkolzin (SAR)
2 - Alex Vlasic (SAR)
3 - Keegan Kolesar (SAR)
Power Play
London Knights - 1 on 4 Attempt(s) - 25.00%
Sarnia Sailors - 0 on 6 Attempt(s) - 0.00%
Penalty Kill
London Knights - 6 on 6 Attempt(s) - 100.00%
- Score 0 goal in Penalty Kill
Sarnia Sailors - 3 on 4 Attempt(s) - 75.00%
- Score 0 goal in Penalty Kill
Team Stat
London Knights - Hits : 24 - Faceoff Wins : 25 - Blocked Shots : 3 - Penalty Minutes : 12
Sarnia Sailors - Hits : 18 - Faceoff Wins : 21 - Blocked Shots : 15 - Penalty Minutes : 8
Official
Referees : Graham Skiliter and Jon Mclsaac
Linesman : Jay Sharrers and Derek Nansen
Game Notes
No Game Note
London Knights
5 vs 5 Forward
Center Left Wing Right Wing Time % Phy DF OF
1 Jan Jenik Jonathan Dahlen Tyce Thompson 25 1 2 2
2 Cameron Hughes Simon Ryfors Nick Swaney 25 1 2 2
3 Nolan Patrick Connor Bunnaman Dominik Bokk 25 1 2 2
4 Curtis Douglas Cole Koepke Rasmus Kupari 25 1 2 2
5 vs 5 Defense
Defense Defense Time % Phy DF OF
1 Ethan Bear Troy Stecher 40 1 2 2
2 Jordan Oesterle Christian Wolanin 30 1 2 2
3 Sami Niku Simon Lundmark 20 1 2 2
4 Ethan Bear Jordan Oesterle 10 1 2 2
PowerPlay Forward
Center Left Wing Right Wing Time % Phy DF OF
1 Jan Jenik Jonathan Dahlen Tyce Thompson 60 1 2 2
2 Curtis Douglas Simon Ryfors Nick Swaney 40 1 2 2
PowerPlay Defense
Defense Defense Time % Phy DF OF
1 Ethan Bear Troy Stecher 60 1 2 2
2 Jordan Oesterle Christian Wolanin 40 1 2 2
Penalty Kill 4 Players Forward
Center Wing Time % Phy DF OF
1 Jan Jenik Curtis Douglas 60 1 2 2
2 Nick Swaney Tyce Thompson 40 1 2 2
Penalty Kill 4 Players Defense
Defense Defense Time % Phy DF OF
1 Ethan Bear Troy Stecher 60 1 2 2
2 Jordan Oesterle Christian Wolanin 40 1 2 2
Penalty Kill - 3 Players Forward
Forward Time % Phy DF OF
1 Jan Jenik 60 1 2 2
2 Curtis Douglas 40 1 2 2
Penalty Kill - 3 Players Defense
Defense Defense Time % Phy DF OF
1 Ethan Bear Troy Stecher 60 1 2 2
2 Jordan Oesterle Christian Wolanin 40 1 2 2
4 vs 4 Forward
Center Wing Time % Phy DF OF
1 Jan Jenik Curtis Douglas 60 1 2 2
2 Dominik Bokk Tyce Thompson 40 1 2 2
4 vs 4 Defense
Defense Defense Time % Phy DF OF
1 Ethan Bear Troy Stecher 60 1 2 2
2 Jordan Oesterle Christian Wolanin 40 1 2 2
Last Minutes Offensive
Center Left Wing Right Wing Defense Defense
Jan Jenik Jonathan Dahlen Tyce Thompson Ethan Bear Troy Stecher
Last Minutes Defensive
Center Left Wing Right Wing Defense Defense
Jan Jenik Jonathan Dahlen Tyce Thompson Ethan Bear Troy Stecher
Goaltenders
Starting : Evan Cormier
Backup : Michael McNiven
Extra Forwards
Normal : Jan Jenik, Dominik Bokk, Connor Bunnaman - PP : Jan Jenik, Dominik Bokk - PK : Connor Bunnaman
Extra Defensemen
Normal : Ethan Bear, Sami Niku, Troy Stecher - PP : Ethan Bear - PK : Sami Niku, Ethan Bear
Penalty Shots
Jan Jenik, Curtis Douglas, Connor Bunnaman, Tyce Thompson, Nick Swaney
Sarnia Sailors
5 vs 5 Forward
Center Left Wing Right Wing Time % Phy DF OF
1 Keegan Kolesar Dominic Toninato Vasily Podkolzin 40 1 2 2
2 Dylan McLaughlin Nick Ritchie Michael Dal Colle 30 1 2 2
3 Dominic Turgeon Aleksi Heponiemi Connor Carrick 20 1 2 2
4 Josh Dickinson Chris Wideman Yannick Weber 10 1 2 2
5 vs 5 Defense
Defense Defense Time % Phy DF OF
1 Alex Vlasic Jack Rathbone 40 1 2 2
2 Rob Hamilton Seth Barton 30 1 2 2
3 Mitchell Vande Sompel David Warsofsky 20 1 2 2
4 Connor Carrick Alex Vlasic 10 1 2 2
PowerPlay Forward
Center Left Wing Right Wing Time % Phy DF OF
1 Keegan Kolesar Nick Ritchie Vasily Podkolzin 60 1 2 2
2 Dominic Toninato Josh Dickinson Dylan McLaughlin 40 1 2 2
PowerPlay Defense
Defense Defense Time % Phy DF OF
1 Alex Vlasic Yannick Weber 60 1 2 2
2 Jack Rathbone Chris Wideman 40 1 2 2
Penalty Kill 4 Players Forward
Center Wing Time % Phy DF OF
1 Dominic Toninato Keegan Kolesar 60 1 2 2
2 Dylan McLaughlin Michael Dal Colle 40 1 2 2
Penalty Kill 4 Players Defense
Defense Defense Time % Phy DF OF
1 Alex Vlasic Connor Carrick 60 1 2 2
2 Jack Rathbone Rob Hamilton 40 1 2 2
Penalty Kill - 3 Players Forward
Forward Time % Phy DF OF
1 Dominic Toninato 60 1 2 2
2 Dylan McLaughlin 40 1 2 2
Penalty Kill - 3 Players Defense
Defense Defense Time % Phy DF OF
1 Alex Vlasic Connor Carrick 60 1 2 2
2 Jack Rathbone Rob Hamilton 40 1 2 2
4 vs 4 Forward
Center Wing Time % Phy DF OF
1 Keegan Kolesar Vasily Podkolzin 60 1 2 2
2 Dominic Turgeon Michael Dal Colle 40 1 2 2
4 vs 4 Defense
Defense Defense Time % Phy DF OF
1 Alex Vlasic Jack Rathbone 60 1 2 2
2 Connor Carrick Yannick Weber 40 1 2 2
Last Minutes Offensive
Center Left Wing Right Wing Defense Defense
Keegan Kolesar Dominic Toninato Vasily Podkolzin Alex Vlasic Jack Rathbone
Last Minutes Defensive
Center Left Wing Right Wing Defense Defense
Dylan McLaughlin Keegan Kolesar Dominic Toninato Alex Vlasic Connor Carrick
Goaltenders
Starting : Matt Tomkins
Backup : Laurent Brossoit
Extra Forwards
Normal : Josh Dickinson, Nick Ritchie, Aleksi Heponiemi - PP : Josh Dickinson, Nick Ritchie - PK : Josh Dickinson
Extra Defensemen
Normal : Rob Hamilton, Seth Barton, Jack Rathbone - PP : David Warsofsky - PK : Rob Hamilton, Seth Barton
Penalty Shots
Aleksi Heponiemi, Keegan Kolesar, Dominic Toninato, Vasily Podkolzin, Michael Dal Colle
% Time on Ice - London Knights
Lines # - Real PCT - Wanted PCT - Time Play
Normal Forward
1 - 26% - 25% - 11:53
2 - 25% - 25% - 11:21
3 - 25% - 25% - 11:20
4 - 23% - 25% - 10:22
Normal Defense
1 - 41% - 40% - 18:13
2 - 27% - 30% - 12:13
3 - 31% - 20% - 14:03
4 - 1% - 10% - 0:27
PP Forward
1 - 59% - 60% - 4:06
2 - 41% - 40% - 2:54
PP Defense
1 - 65% - 60% - 4:35
2 - 35% - 40% - 2:25
PK Forward
1 - 73% - 60% - 5:52
2 - 27% - 40% - 2:12
PK Defense
1 - 50% - 60% - 4:04
2 - 50% - 40% - 4:00
PK3 Forward
1 - 0% - 60%
2 - 0% - 40%
PK3 Defense
1 - 0% - 60%
2 - 0% - 40%
44 Forward
1 - 0% - 60%
2 - 0% - 40%
44 Defense
1 - 0% - 60%
2 - 0% - 40%
Last Minute Offensive - 0:00
Last Minute Defensive - 0:00
Total
Forward - 60:00
Defense - 60:00
|
% Time on Ice - Sarnia Sailors
Lines # - Real PCT - Wanted PCT - Time Play
Normal Forward
1 - 31% - 40% - 14:08
2 - 29% - 30% - 12:53
3 - 22% - 20% - 9:52
4 - 18% - 10% - 8:03
Normal Defense
1 - 38% - 40% - 16:58
2 - 33% - 30% - 14:50
3 - 24% - 20% - 10:51
4 - 5% - 10% - 2:17
PP Forward
1 - 57% - 60% - 4:36
2 - 43% - 40% - 3:28
PP Defense
1 - 60% - 60% - 4:48
2 - 40% - 40% - 3:16
PK Forward
1 - 80% - 60% - 5:36
2 - 20% - 40% - 1:24
PK Defense
1 - 63% - 60% - 4:25
2 - 37% - 40% - 2:35
PK3 Forward
1 - 0% - 60%
2 - 0% - 40%
PK3 Defense
1 - 0% - 60%
2 - 0% - 40%
44 Forward
1 - 0% - 60%
2 - 0% - 40%
44 Defense
1 - 0% - 60%
2 - 0% - 40%
Last Minute Offensive - 0:00
Last Minute Defensive - 0:00
Total
Forward - 60:00
Defense - 60:00
|
Play-by-Play
1st period
0:01 of 1st period - Dominic Toninato wins face-off versus Jan Jenik in neutral zone.
0:10 of 1st period - Snap shot by Vasily Podkolzin.
0:10 of 1st period - Stopped by Evan Cormier with a rebound.
0:12 of 1st period - Backhand shot by Keegan Kolesar.
0:12 of 1st period - Deflect By Vasily Podkolzin.
0:12 of 1st period - Goal by Vasily Podkolzin - London Knights : 0 - Sarnia Sailors : 1.
0:13 of 1st period - Cameron Hughes wins face-off versus Dylan McLaughlin in neutral zone.
0:38 of 1st period - Seth Barton is hit by Dominik Bokk.
0:58 of 1st period - Snap shot by Curtis Douglas.
0:58 of 1st period - Shot Misses the Net.
2:05 of 1st period - Icing by Simon Ryfors.
2:06 of 1st period - Simon Ryfors wins face-off versus Aleksi Heponiemi in London Knights zone.
2:10 of 1st period - Icing by Nolan Patrick.
2:11 of 1st period - Nolan Patrick wins face-off versus Dominic Turgeon in London Knights zone.
2:16 of 1st period - Backhand shot by Connor Bunnaman.
2:16 of 1st period - Shot Misses the Net.
2:18 of 1st period - Minor Penalty to Aleksi Heponiemi for Hooking.
2:19 of 1st period - Keegan Kolesar wins face-off versus Jan Jenik in Sarnia Sailors zone.
2:30 of 1st period - Snap shot by Jan Jenik.
2:30 of 1st period - Deflect By Dominic Toninato.
2:30 of 1st period - Shot Misses the Net.
2:30 of 1st period - Puck is out of play.
2:31 of 1st period - Jan Jenik wins face-off versus Dominic Toninato in Sarnia Sailors zone.
2:42 of 1st period - Wrist shot by Jonathan Dahlen.
2:42 of 1st period - Stopped by Matt Tomkins with a rebound.
2:44 of 1st period - Slapshot by Ethan Bear.
2:44 of 1st period - Shot Blocked by Connor Carrick.
2:46 of 1st period - Wrist shot by Troy Stecher.
2:46 of 1st period - Deflect By Jonathan Dahlen.
2:46 of 1st period - Shot Misses the Net.
2:46 of 1st period - Puck is out of play.
2:47 of 1st period - Curtis Douglas wins face-off versus Dominic Toninato in Sarnia Sailors zone.
4:18 of 1st period - Penalty to Aleksi Heponiemi is over, Aleksi Heponiemi is back on ice.
4:33 of 1st period - Snap shot by Chris Wideman.
4:33 of 1st period - Shot Misses the Net.
5:04 of 1st period - Christian Wolanin is hit by Dylan McLaughlin and loses puck.
5:55 of 1st period - Ethan Bear is hit by Nick Ritchie and loses puck.
6:34 of 1st period - Simon Lundmark is hit by Nick Ritchie and loses puck.
7:00 of 1st period - Icing by Jonathan Dahlen.
7:01 of 1st period - Nick Ritchie wins face-off versus Jan Jenik in London Knights zone.
7:04 of 1st period - Snap shot by Dylan McLaughlin.
7:04 of 1st period - Deflect By Jonathan Dahlen.
7:04 of 1st period - Stopped by Evan Cormier without a rebound.
7:05 of 1st period - Jan Jenik wins face-off versus Dylan McLaughlin in London Knights zone.
7:10 of 1st period - Wrist shot by Dylan McLaughlin.
7:10 of 1st period - Shot Misses the Net.
7:32 of 1st period - Snap shot by Jonathan Dahlen.
7:32 of 1st period - Shot Misses the Net.
7:34 of 1st period - Snap shot by Jonathan Dahlen.
7:34 of 1st period - Shot Misses the Net.
7:36 of 1st period - Wrist shot by Ethan Bear.
7:36 of 1st period - Shot Hit the Post.
7:40 of 1st period - Snap shot by Jonathan Dahlen.
7:40 of 1st period - Shot Misses the Net.
7:44 of 1st period - Slapshot by Jan Jenik.
7:44 of 1st period - Shot Blocked by Nick Ritchie.
7:46 of 1st period - Wrist shot by Tyce Thompson.
7:46 of 1st period - Stopped by Matt Tomkins with a rebound.
7:48 of 1st period - Snap shot by Jan Jenik.
7:48 of 1st period - Shot Blocked by Jack Rathbone.
7:50 of 1st period - Snap shot by Jan Jenik.
7:50 of 1st period - Shot Misses the Net.
8:06 of 1st period - Wrist shot by Nick Ritchie.
8:06 of 1st period - Stopped by Evan Cormier without a rebound.
8:07 of 1st period - Keegan Kolesar wins face-off versus Curtis Douglas in London Knights zone.
8:32 of 1st period - Nick Swaney is hit by Connor Carrick and loses puck.
8:43 of 1st period - Wrist shot by Connor Carrick.
8:43 of 1st period - Deflect By Aleksi Heponiemi.
8:43 of 1st period - Stopped by Evan Cormier with a rebound.
8:49 of 1st period - Connor Carrick is hit by Cameron Hughes and loses puck.
8:56 of 1st period - Snap shot by Cameron Hughes.
8:56 of 1st period - Stopped by Matt Tomkins with a rebound.
9:02 of 1st period - Snap shot by Cameron Hughes.
9:02 of 1st period - Stopped by Matt Tomkins with a rebound.
9:04 of 1st period - Snap shot by Nick Swaney.
9:04 of 1st period - Deflect By Connor Carrick.
9:04 of 1st period - Goal by Nick Swaney - London Knights : 1 - Sarnia Sailors : 1.
9:05 of 1st period - Curtis Douglas wins face-off versus Keegan Kolesar in neutral zone.
9:30 of 1st period - Alex Vlasic is hit by Nolan Patrick and loses puck.
9:35 of 1st period - Backhand shot by Nolan Patrick.
9:35 of 1st period - Stopped by Matt Tomkins with a rebound.
10:42 of 1st period - Wrist shot by Chris Wideman.
10:42 of 1st period - Shot Misses the Net.
10:44 of 1st period - Wrist shot by Yannick Weber.
10:44 of 1st period - Stopped by Evan Cormier with a rebound.
10:46 of 1st period - Slapshot by Alex Vlasic.
10:46 of 1st period - Stopped by Evan Cormier with a rebound.
11:24 of 1st period - Snap shot by Nolan Patrick.
11:24 of 1st period - Stopped by Matt Tomkins with a rebound.
12:06 of 1st period - Wrist shot by Michael Dal Colle.
12:06 of 1st period - Stopped by Evan Cormier with a rebound.
12:08 of 1st period - Snap shot by Dylan McLaughlin.
12:08 of 1st period - Shot Misses the Net.
12:24 of 1st period - Backhand shot by Connor Bunnaman.
12:24 of 1st period - Shot Blocked by David Warsofsky.
12:26 of 1st period - Wrist shot by Nolan Patrick.
12:26 of 1st period - Stopped by Matt Tomkins without a rebound.
12:27 of 1st period - Keegan Kolesar wins face-off versus Nolan Patrick in Sarnia Sailors zone.
12:50 of 1st period - Simon Lundmark is hit by Yannick Weber and loses puck.
13:20 of 1st period - Icing by Simon Lundmark.
13:21 of 1st period - Cameron Hughes wins face-off versus Keegan Kolesar in London Knights zone.
13:21 of 1st period - Cameron Hughes is hit by Vasily Podkolzin.
13:29 of 1st period - Vasily Podkolzin is hit by Dominik Bokk and loses puck.
14:56 of 1st period - Alex Vlasic is hit by Tyce Thompson and loses puck.
15:05 of 1st period - Snap shot by Nick Ritchie.
15:05 of 1st period - Stopped by Evan Cormier with a rebound.
15:36 of 1st period - Off-side.
15:37 of 1st period - Keegan Kolesar wins face-off versus Dominik Bokk in neutral zone.
16:02 of 1st period - Michael Dal Colle is hit by Simon Ryfors and loses puck.
17:02 of 1st period - Minor Penalty to Dominik Bokk for Holding.
17:03 of 1st period - Keegan Kolesar wins face-off versus Jan Jenik in London Knights zone.
17:04 of 1st period - Slapshot by Vasily Podkolzin.
17:04 of 1st period - Stopped by Evan Cormier with a rebound.
17:16 of 1st period - Alex Vlasic is hit by Jan Jenik and loses puck.
18:12 of 1st period - Troy Stecher is hit by Yannick Weber and loses puck.
19:02 of 1st period - Penalty to Dominik Bokk is over, Dominik Bokk is back on ice.
19:05 of 1st period - Wrist shot by Nolan Patrick.
19:05 of 1st period - Shot Blocked by Jack Rathbone.
19:07 of 1st period - Wrist shot by Dominik Bokk.
19:07 of 1st period - Shot Misses the Net.
19:09 of 1st period - Snap shot by Jordan Oesterle.
19:09 of 1st period - Stopped by Matt Tomkins with a rebound.
19:11 of 1st period - Wrist shot by Connor Bunnaman.
19:11 of 1st period - Shot Misses the Net.
19:13 of 1st period - Snap shot by Connor Bunnaman.
19:13 of 1st period - Stopped by Matt Tomkins with a rebound.
19:15 of 1st period - Wrist shot by Dominik Bokk.
19:15 of 1st period - Stopped by Matt Tomkins with a rebound.
19:22 of 1st period - Icing by Nick Ritchie.
19:23 of 1st period - Cameron Hughes wins face-off versus Keegan Kolesar in Sarnia Sailors zone.
19:24 of 1st period - Wrist shot by Nick Swaney.
19:24 of 1st period - Stopped by Matt Tomkins without a rebound.
19:25 of 1st period - Dominic Turgeon wins face-off versus Cameron Hughes in Sarnia Sailors zone.
19:38 of 1st period - Wrist shot by Simon Ryfors.
19:38 of 1st period - Stopped by Matt Tomkins with a rebound.
19:40 of 1st period - Snap shot by Nick Swaney.
19:40 of 1st period - Deflect By Cameron Hughes.
19:40 of 1st period - Stopped by Matt Tomkins with a rebound.
19:52 of 1st period - Cole Koepke is hit by Connor Carrick and loses puck.
Goals for this period are 1 for London Knights vs 1 for Sarnia Sailors.
Shots for this period are 14 for London Knights vs 10 for Sarnia Sailors.
2nd period
0:01 of 2nd period - Nolan Patrick wins face-off versus Vasily Podkolzin in neutral zone.
0:04 of 2nd period - Slapshot by Ethan Bear.
0:04 of 2nd period - Stopped by Matt Tomkins without a rebound.
0:05 of 2nd period - Nolan Patrick wins face-off versus Keegan Kolesar in Sarnia Sailors zone.
0:14 of 2nd period - Snap shot by Vasily Podkolzin.
0:14 of 2nd period - Shot Misses the Net.
0:16 of 2nd period - Slapshot by Vasily Podkolzin.
0:16 of 2nd period - Stopped by Evan Cormier without a rebound.
0:17 of 2nd period - Nick Swaney wins face-off versus Keegan Kolesar in London Knights zone.
0:28 of 2nd period - Slapshot by Ethan Bear.
0:28 of 2nd period - Shot Blocked by Vasily Podkolzin.
0:53 of 2nd period - Slapshot by Nick Swaney.
0:53 of 2nd period - Stopped by Matt Tomkins with a rebound.
1:13 of 2nd period - Snap shot by Nick Ritchie.
1:13 of 2nd period - Shot Misses the Net.
1:25 of 2nd period - Cole Koepke is hit by Vasily Podkolzin and loses puck.
1:40 of 2nd period - Minor Penalty to Keegan Kolesar for Tripping.
1:41 of 2nd period - Jan Jenik wins face-off versus Dominic Toninato in Sarnia Sailors zone.
3:40 of 2nd period - Penalty to Keegan Kolesar is over, Keegan Kolesar is back on ice.
4:23 of 2nd period - Minor Penalty to Cole Koepke for Hooking.
4:24 of 2nd period - Keegan Kolesar wins face-off versus Jan Jenik in London Knights zone.
4:26 of 2nd period - Wrist shot by Vasily Podkolzin.
4:26 of 2nd period - Stopped by Evan Cormier with a rebound.
6:06 of 2nd period - Icing by Yannick Weber.
6:07 of 2nd period - Keegan Kolesar wins face-off versus Dominik Bokk in Sarnia Sailors zone.
6:23 of 2nd period - Penalty to Cole Koepke is over, Cole Koepke is back on ice.
6:38 of 2nd period - Jack Rathbone is hit by Nick Swaney and loses puck.
7:05 of 2nd period - Snap shot by Nolan Patrick.
7:05 of 2nd period - Shot Misses the Net.
7:07 of 2nd period - Snap shot by Simon Lundmark.
7:07 of 2nd period - Shot Misses the Net.
7:09 of 2nd period - Slapshot by Rasmus Kupari.
7:09 of 2nd period - Shot Misses the Net.
7:11 of 2nd period - Snap shot by Sami Niku.
7:11 of 2nd period - Stopped by Matt Tomkins with a rebound.
7:13 of 2nd period - Snap shot by Rasmus Kupari.
7:13 of 2nd period - Stopped by Matt Tomkins with a rebound.
7:23 of 2nd period - Snap shot by Nolan Patrick.
7:23 of 2nd period - Shot Misses the Net.
8:54 of 2nd period - Slapshot by Simon Ryfors.
8:54 of 2nd period - Shot Blocked by Alex Vlasic.
9:30 of 2nd period - Wrist shot by Cameron Hughes.
9:30 of 2nd period - Deflect By Nick Swaney.
9:30 of 2nd period - Stopped by Matt Tomkins without a rebound.
9:31 of 2nd period - Curtis Douglas wins face-off versus Dylan McLaughlin in Sarnia Sailors zone.
9:32 of 2nd period - Snap shot by Rasmus Kupari.
9:32 of 2nd period - Stopped by Matt Tomkins with a rebound.
10:34 of 2nd period - Snap shot by Jonathan Dahlen.
10:34 of 2nd period - Shot Blocked by Connor Carrick.
10:36 of 2nd period - Snap shot by Jan Jenik.
10:36 of 2nd period - Shot Blocked by Alex Vlasic.
10:38 of 2nd period - Snap shot by Tyce Thompson.
10:38 of 2nd period - Shot Blocked by Chris Wideman.
10:40 of 2nd period - Slapshot by Troy Stecher.
10:40 of 2nd period - Shot Blocked by Josh Dickinson.
11:22 of 2nd period - Wrist shot by Jan Jenik.
11:22 of 2nd period - Stopped by Matt Tomkins without a rebound.
11:23 of 2nd period - Connor Bunnaman wins face-off versus Keegan Kolesar in Sarnia Sailors zone.
11:34 of 2nd period - Slapshot by Dominik Bokk.
11:34 of 2nd period - Stopped by Matt Tomkins with a rebound.
11:36 of 2nd period - Wrist shot by Nolan Patrick.
11:36 of 2nd period - Stopped by Matt Tomkins without a rebound.
11:37 of 2nd period - Keegan Kolesar wins face-off versus Curtis Douglas in Sarnia Sailors zone.
11:37 of 2nd period - Keegan Kolesar is hit by Curtis Douglas.
11:43 of 2nd period - Snap shot by Dominic Toninato.
11:43 of 2nd period - Stopped by Evan Cormier without a rebound.
11:44 of 2nd period - Vasily Podkolzin wins face-off versus Curtis Douglas in London Knights zone.
11:45 of 2nd period - Wrist shot by Dominic Toninato.
11:45 of 2nd period - Goal by Dominic Toninato - London Knights : 1 - Sarnia Sailors : 2.
11:46 of 2nd period - Keegan Kolesar wins face-off versus Nolan Patrick in neutral zone.
12:01 of 2nd period - Wrist shot by Dominic Toninato.
12:01 of 2nd period - Shot Misses the Net.
12:11 of 2nd period - Jack Rathbone is hit by Nick Swaney and loses puck.
12:16 of 2nd period - Snap shot by Nick Swaney.
12:16 of 2nd period - Stopped by Matt Tomkins with a rebound.
12:18 of 2nd period - Wrist shot by Nick Swaney.
12:18 of 2nd period - Stopped by Matt Tomkins with a rebound.
12:20 of 2nd period - Slapshot by Simon Ryfors.
12:20 of 2nd period - Stopped by Matt Tomkins with a rebound.
12:22 of 2nd period - Snap shot by Christian Wolanin.
12:22 of 2nd period - Shot Misses the Net.
12:32 of 2nd period - Wrist shot by Aleksi Heponiemi.
12:32 of 2nd period - Shot Misses the Net.
12:34 of 2nd period - Slapshot by Alex Vlasic.
12:34 of 2nd period - Goal by Alex Vlasic - London Knights : 1 - Sarnia Sailors : 3.
12:35 of 2nd period - Keegan Kolesar wins face-off versus Curtis Douglas in neutral zone.
13:00 of 2nd period - Rob Hamilton is hit by Troy Stecher and loses puck.
13:53 of 2nd period - Nick Ritchie is hit by Curtis Douglas and loses puck.
14:10 of 2nd period - Wrist shot by Cameron Hughes.
14:10 of 2nd period - Stopped by Matt Tomkins with a rebound.
14:12 of 2nd period - Backhand shot by Ethan Bear.
14:12 of 2nd period - Shot Misses the Net.
14:34 of 2nd period - Keegan Kolesar is hit by Nolan Patrick and loses puck.
15:08 of 2nd period - Christian Wolanin is hit by Alex Vlasic and loses puck.
16:26 of 2nd period - Backhand shot by Simon Ryfors.
16:26 of 2nd period - Shot Hit the Post.
16:57 of 2nd period - Icing by Simon Ryfors.
16:58 of 2nd period - Curtis Douglas wins face-off versus Dominic Turgeon in London Knights zone.
17:04 of 2nd period - Sami Niku is hit by Aleksi Heponiemi and loses puck.
18:21 of 2nd period - Aleksi Heponiemi is hit by Curtis Douglas and loses puck.
18:44 of 2nd period - Christian Wolanin is hit by Dominic Toninato and loses puck.
19:20 of 2nd period - Jack Rathbone is hit by Simon Lundmark and loses puck.
19:52 of 2nd period - Minor Penalty to David Warsofsky for Roughing.
19:53 of 2nd period - Dominic Toninato wins face-off versus Jan Jenik in Sarnia Sailors zone.
Goals for this period are 0 for London Knights vs 2 for Sarnia Sailors.
Shots for this period are 13 for London Knights vs 5 for Sarnia Sailors.
3rd period
0:01 of 3rd period - Dominic Toninato wins face-off versus Jan Jenik in neutral zone.
0:03 of 3rd period - Off-side.
0:04 of 3rd period - Jan Jenik wins face-off versus Dominic Toninato in neutral zone.
0:15 of 3rd period - Snap shot by Jan Jenik.
0:15 of 3rd period - Shot Misses the Net.
0:17 of 3rd period - Slapshot by Jonathan Dahlen.
0:17 of 3rd period - Shot Blocked by Keegan Kolesar.
0:19 of 3rd period - Wrist shot by Jonathan Dahlen.
0:19 of 3rd period - Stopped by Matt Tomkins without a rebound.
0:20 of 3rd period - Jan Jenik wins face-off versus Dominic Toninato in Sarnia Sailors zone.
0:55 of 3rd period - Wrist shot by Nick Swaney.
0:55 of 3rd period - Goal by Nick Swaney - London Knights : 2 - Sarnia Sailors : 3.
0:56 of 3rd period - Keegan Kolesar wins face-off versus Cameron Hughes in neutral zone.
1:03 of 3rd period - Troy Stecher is hit by Jack Rathbone and loses puck.
1:12 of 3rd period - Snap shot by Keegan Kolesar.
1:12 of 3rd period - Goal by Keegan Kolesar - London Knights : 2 - Sarnia Sailors : 4.
1:13 of 3rd period - Nolan Patrick wins face-off versus Keegan Kolesar in neutral zone.
1:28 of 3rd period - Snap shot by Vasily Podkolzin.
1:28 of 3rd period - Shot Misses the Net.
1:34 of 3rd period - Nolan Patrick is hit by Alex Vlasic and loses puck.
2:15 of 3rd period - Slapshot by Ethan Bear.
2:15 of 3rd period - Stopped by Matt Tomkins with a rebound.
2:34 of 3rd period - Minor Penalty to Nolan Patrick for High sticking.
2:35 of 3rd period - Jan Jenik wins face-off versus Nick Ritchie in London Knights zone.
2:43 of 3rd period - Snap shot by Jan Jenik.
2:43 of 3rd period - Shot Blocked by David Warsofsky.
3:15 of 3rd period - Aleksi Heponiemi is hit by Nick Swaney and loses puck.
4:15 of 3rd period - Slapshot by Chris Wideman.
4:15 of 3rd period - Shot Misses the Net.
4:34 of 3rd period - Penalty to Nolan Patrick is over, Nolan Patrick is back on ice.
4:54 of 3rd period - Icing by Connor Bunnaman.
4:55 of 3rd period - Dominic Toninato wins face-off versus Dominik Bokk in London Knights zone.
5:24 of 3rd period - Snap shot by Rasmus Kupari.
5:24 of 3rd period - Shot Blocked by Mitchell Vande Sompel.
5:38 of 3rd period - Snap shot by Jonathan Dahlen.
5:38 of 3rd period - Stopped by Matt Tomkins with a rebound.
5:46 of 3rd period - Backhand shot by Dylan McLaughlin.
5:46 of 3rd period - Stopped by Evan Cormier without a rebound.
5:47 of 3rd period - Nolan Patrick wins face-off versus Dominic Turgeon in London Knights zone.
5:47 of 3rd period - Nolan Patrick is hit by Alex Vlasic.
5:55 of 3rd period - Wrist shot by Connor Carrick.
5:55 of 3rd period - Stopped by Evan Cormier without a rebound.
5:56 of 3rd period - Connor Bunnaman wins face-off versus Dominic Turgeon in London Knights zone.
6:09 of 3rd period - Slapshot by Aleksi Heponiemi.
6:09 of 3rd period - Shot Misses the Net.
6:11 of 3rd period - Wrist shot by Dominic Turgeon.
6:11 of 3rd period - Shot Blocked by Ethan Bear.
6:13 of 3rd period - Wrist shot by Dominic Turgeon.
6:13 of 3rd period - Stopped by Evan Cormier with a rebound.
6:15 of 3rd period - Slapshot by Alex Vlasic.
6:15 of 3rd period - Stopped by Evan Cormier without a rebound.
6:16 of 3rd period - Rasmus Kupari wins face-off versus Keegan Kolesar in London Knights zone.
6:21 of 3rd period - Curtis Douglas is hit by Keegan Kolesar and loses puck.
7:04 of 3rd period - Rob Hamilton is hit by Jan Jenik and loses puck.
7:13 of 3rd period - Wrist shot by Aleksi Heponiemi.
7:13 of 3rd period - Shot Blocked by Sami Niku.
8:16 of 3rd period - Minor Penalty to Ethan Bear for Holding.
8:17 of 3rd period - Keegan Kolesar wins face-off versus Jan Jenik in London Knights zone.
9:03 of 3rd period - Chris Wideman is hit by Christian Wolanin and loses puck.
9:46 of 3rd period - Dylan McLaughlin is hit by Dominik Bokk and loses puck.
10:05 of 3rd period - Keegan Kolesar is hit by Dominik Bokk and loses puck.
10:16 of 3rd period - Penalty to Ethan Bear is over, Ethan Bear is back on ice.
11:41 of 3rd period - Alex Vlasic is hit by Dominik Bokk.
12:28 of 3rd period - Jack Rathbone is hit by Connor Bunnaman and loses puck.
12:46 of 3rd period - Off-side.
12:47 of 3rd period - Dylan McLaughlin wins face-off versus Dominik Bokk in neutral zone.
13:05 of 3rd period - Connor Carrick is hit by Cole Koepke and loses puck.
13:26 of 3rd period - Snap shot by Keegan Kolesar.
13:26 of 3rd period - Shot Misses the Net.
13:28 of 3rd period - Slapshot by David Warsofsky.
13:28 of 3rd period - Shot Blocked by Simon Lundmark.
13:30 of 3rd period - Snap shot by Keegan Kolesar.
13:30 of 3rd period - Stopped by Evan Cormier with a rebound.
13:32 of 3rd period - Snap shot by Keegan Kolesar.
13:32 of 3rd period - Stopped by Evan Cormier with a rebound.
14:47 of 3rd period - Minor Penalty to Vasily Podkolzin for Roughing.
14:48 of 3rd period - Jonathan Dahlen wins face-off versus Dominic Toninato in Sarnia Sailors zone.
15:13 of 3rd period - Off-side.
15:14 of 3rd period - Dominic Toninato wins face-off versus Curtis Douglas in neutral zone.
16:47 of 3rd period - Penalty to Vasily Podkolzin is over, Vasily Podkolzin is back on ice.
16:55 of 3rd period - Nick Ritchie is hit by Connor Bunnaman and loses puck.
17:06 of 3rd period - Snap shot by Nolan Patrick.
17:06 of 3rd period - Shot Blocked by Seth Barton.
18:13 of 3rd period - Cole Koepke is hit by Jack Rathbone and loses puck.
19:14 of 3rd period - Jordan Oesterle is hit by Seth Barton and loses puck.
19:43 of 3rd period - Slapshot by Jonathan Dahlen.
19:43 of 3rd period - Stopped by Matt Tomkins with a rebound.
19:51 of 3rd period - Double Minor Penalty to Dominik Bokk for Roughing.
19:52 of 3rd period - Jan Jenik wins face-off versus Dominic Toninato in London Knights zone.
19:57 of 3rd period - Slapshot by Troy Stecher.
19:57 of 3rd period - Stopped by Matt Tomkins with a rebound.
Goals for this period are 1 for London Knights vs 1 for Sarnia Sailors.
Shots for this period are 6 for London Knights vs 7 for Sarnia Sailors.
Back to the Top